Map: 潜水艇-天梯版

Players

TIME (Oliveira) - Winner!

  • Race: Terran Terran

Cyan

  • Race: Protoss Protoss

Event: DreamHack SC2 Masters 2020 Summer China

VOD

Have the link to the VOD?

Description

Time

  • Played on: July 1, 2020, 8:41 a.m.
  • Length: 16:36

All games in this series

Show
View Real Time Build Order
Export as new Build Order

TIME Terran - Winner!

Build Orders:  

Get SALT Encoding   

  12  0:00  SCV  
  13  0:13  SCV  
  14  0:17  Supply Depot  
  14  0:25  SCV  
  15  0:38  SCV  
  15  0:39  Barracks  
  16  0:44  Refinery  
  16  0:50  SCV  
  17  1:03  SCV  
  18  1:15  SCV  
  19  1:27  SCV, Reaper  
  21  1:34  Command Center  
  21  1:45  Orbital Command  
  21  1:55  Supply Depot  
  21  2:00  Marine  
  22  2:10  Factory  
  22  2:12  SCV  
  23  2:17  Refinery  
  23  2:22  Barracks Reactor  
  23  2:24  SCV  
  24  2:35  Barracks  
  24  2:38  SCV  
  25  2:46  Orbital Command  
  25  2:50  SCV  
  26  2:53  Factory Tech Lab  
  26  2:59  Marine x2  
  26  3:02  SCV  
  29  3:12  SCV  
  30  3:13  Cyclone  
  30  3:16  Marine  
  30  3:17  SCV, Marine  
  36  3:23  Barracks Tech Lab  
  36  3:24  SCV  
  37  3:31  Bunker  
  37  3:33  SCV  
  38  3:34  Marine  
  38  3:36  SCV  
  38  3:38  Marine  
  41  3:43  Supply Depot  
  41  3:46  SCV  
  41  3:47  Stimpack  
  42  3:50  SCV, Marine  
  44  3:58  Siege Tank  
  46  4:02  Marine  
  46  4:04  SCV x2  
  46  4:06  Supply Depot  
  46  4:08  Marine x2  
  50  4:13  Starport  
  50  4:17  SCV  
  51  4:18  SCV  
  51  4:20  Marine  
  51  4:21  Supply Depot  
  53  4:29  SCV, Marine  
  53  4:30  Engineering Bay  
  55  4:32  Siege Tank  
  55  4:35  SCV  
  55  4:36  Marine  
  60  4:38  Marine  
  60  4:43  Refinery  
  60  4:44  SCV  
  62  4:47  SCV, Marine  
  62  4:54  Marine  
  62  4:56  Marine  
  62  4:59  SCV  
  65  5:01  Viking  
  65  5:03  SCV, Barracks  
  68  5:11  SCV, Marine  
  69  5:14  Terran Infantry Weapons Level 1  
  69  5:15  SCV  
  70  5:28  Supply Depot, Combat Shield  
  70  5:29  Factory Reactor, Missile Turret  
  70  5:32  Starport Reactor, Refinery  
  70  5:33  SCV x2, Marine  
  70  5:34  Marauder  
  70  5:35  Marine  
  76  5:45  SCV x2  
  78  5:54  Marine x2  
  80  5:57  Supply Depot  
  80  5:58  Concussive Shells, Marauder  
  80  5:59  Marauder  
  84  6:07  Supply Depot  
  84  6:09  Supply Depot  
  84  6:10  Medivac  
  86  6:12  Medivac  
  86  6:17  Missile Turret, Widow Mine x2  
  92  6:19  SCV  
  92  6:21  Marine  
  92  6:23  Marine  
  95  6:26  Marauder  
  95  6:29  Marauder  
  99  6:39  Marine, Widow Mine x2  
  104  6:41  Marine  
  104  6:47  Marine  
  105  6:50  Supply Depot  
  105  6:51  Marauder  
  108  6:57  Marine  
  108  6:58  Marine  
  107  7:04  Marine  
  108  7:12  Marine, Widow Mine  
  108  7:13  Widow Mine  
  108  7:14  Marine  
  91  7:23  Marauder  
  91  7:24  Marine  
  91  7:25  SCV  
  91  7:28  Command Center  
  95  7:30  Marauder  
  95  7:32  Medivac x2, Marine  
  95  7:36  SCV  
  103  7:42  Marine  
  106  7:44  Marauder  
  106  7:47  Widow Mine, Barracks  
  106  7:49  Barracks  
  106  7:50  Widow Mine  
  110  7:51  SCV  
  111  8:00  Marine  
  111  8:01  Marauder, Marine  
  115  8:11  Marine  
  115  8:12  Terran Infantry Armor Level 1  
  106  8:13  SCV  
  106  8:15  Widow Mine x2  
  106  8:18  Marine  
  106  8:19  Marine  
  110  8:21  SCV  
  110  8:22  Marauder  
  110  8:25  SCV  
  109  8:29  Marauder  
  109  8:33  SCV  
  112  8:35  Liberator x2  
  112  8:37  Barracks Reactor, SCV  
  112  8:38  Barracks Tech Lab  
  112  8:39  Widow Mine x2  
  123  8:45  SCV  
  123  8:48  SCV  
  123  8:52  SCV  
  105  9:04  Marine x2  
  105  9:05  Marauder  
  105  9:07  SCV, Hellion, Widow Mine  
  110  9:14  Orbital Command  
  110  9:15  SCV  
  110  9:17  Marine x2  
  110  9:19  Marauder, Marine  
  110  9:22  Marine x2  
  117  9:26  Medivac x2, Marauder  
  117  9:28  SCV, Widow Mine  
  117  9:31  Widow Mine  
  124  9:35  Marine  
  124  9:36  Engineering Bay  
  124  9:37  Armory  
  125  9:38  Marine  
  125  9:39  Marine  
  125  9:41  SCV x2  
  129  9:48  Marine x2  
  129  9:49  Marauder  
  133  9:54  Marine  
  133  9:55  Marauder  
  133  9:56  Widow Mine, Marine  
  133  10:11  Marine  
  133  10:12  Marauder, Marine  
  126  10:15  Medivac x2  
  126  10:19  Marine x2  
  126  10:20  SCV x2, Marauder  
  126  10:21  SCV  
  118  10:24  Terran Infantry Weapons Level 2  
  118  10:29  Marine  
  118  10:30  Marauder, Marine  
  118  10:32  Widow Mine  
  118  10:35  SCV  
  125  10:43  Terran Infantry Armor Level 2  
  125  10:55  Marine  
  125  10:56  Medivac x2  
  106  10:57  Marine x2  
  106  10:58  Marauder  
  106  11:01  Marine  
  106  11:03  Widow Mine x2  
  112  11:07  Marauder, Marine  
  112  11:10  SCV x2  
  117  11:12  Ghost Academy  
  117  11:21  Marauder, Marine x2  
  117  11:22  Marine x2  
  117  11:23  SCV x2  
  117  11:24  SCV  
  126  11:25  Supply Depot, Marine  
  126  11:26  Supply Depot  
  126  11:28  Widow Mine  
  126  11:31  Marine  
  132  11:32  Widow Mine  
  132  11:38  Marine  
  132  11:39  Marine x2  
  134  11:40  SCV, Refinery  
  134  11:45  Marine  
  137  11:51  Marine  
  137  11:52  Marauder  
  140  11:59  Medivac x2  
  138  12:06  Marine  
  138  12:07  Marauder, Marine  
  133  12:14  SCV x3  
  132  12:20  Marine  
  132  12:22  Marine  
  127  12:24  Widow Mine x2, Marine  
  127  12:27  SCV  
  133  12:31  Ghost x3  
  133  12:33  SCV x2  
  133  12:37  Marine  
  133  12:41  Marine x2  
  133  12:42  Supply Depot  
  136  12:47  Viking x2  
  136  12:49  Marine  
  141  12:53  Widow Mine x2  
  141  12:57  Marine  
  141  12:58  SCV  
  147  12:59  Marine  
  147  13:01  Enhanced Shockwaves, Marauder  
  147  13:03  Marine x2  
  152  13:09  Supply Depot  
  152  13:13  Terran Infantry Weapons Level 3  
  152  13:20  Terran Infantry Armor Level 3  
  138  13:38  Marauder x2, Marine x2  
  138  13:40  Medivac  
  107  13:48  Marine x2  
  107  13:49  Marauder  
  107  13:51  Medivac  
  104  13:55  Marine  
  104  14:00  Marauder  
  104  14:01  Ghost  
  104  14:02  Marine  
  101  14:04  Widow Mine x2  
  101  14:06  Marine  
  101  14:09  Marine  
  105  14:10  Refinery  
  105  14:11  Viking  
  105  14:17  Ghost, Marine  
  107  14:19  SCV x2, Command Center  
  107  14:20  Ghost  
  107  14:21  SCV  
  115  14:25  Marine x2  
  115  14:28  Widow Mine x2  
  115  14:30  Medivac  
  123  14:32  Marine  
  123  14:35  Marine  
  121  14:41  Ghost  
  121  14:43  Marine  
  121  14:44  Medivac  
  125  14:46  SCV  
  125  14:48  Marine  
  125  14:49  Marine  
  127  14:52  Marine  
  127  14:53  Marauder  
  127  14:57  Widow Mine x2  
  127  14:59  Marine  
  135  15:03  Marine  
  135  15:06  Medivac, Marine  
  138  15:17  Marine x2  
  138  15:18  Marauder  
  138  15:20  Medivac  
  142  15:23  Widow Mine  
  142  15:26  Widow Mine  
  144  15:29  Ghost  
  144  15:30  Marine  
  143  15:37  Marauder, Marine  
  143  15:39  Planetary Fortress  
  146  15:44  Marine x2  
  148  15:50  Marine x2  
  148  15:55  Supply Depot  
  148  16:02  Marine x2  
  148  16:03  Marauder  
  156  16:04  Widow Mine x2  
  156  16:05  SCV x2  
  156  16:14  Marauder, Marine x2  
  156  16:15  SCV  
  141  16:19  SCV  
Show
View Real Time Build Order
Export as new Build Order

Cyan Protoss 

Build Orders: 1 Gate Expand, Archon Immortal 

Get SALT Encoding   

  12  0:01  Probe  
  13  0:13  Probe  
  14  0:16  Pylon  
  14  0:24  Probe  
  15  0:32  Probe  
  15  0:37  Gateway  
  15  0:40  Probe  
  16  0:46  Assimilator  
  17  0:51  Probe  
  18  1:03  Probe  
  19  1:15  Probe  
  20  1:23  Cybernetics Core  
  20  1:32  Nexus  
  20  1:35  Probe  
  21  1:43  Pylon  
  21  1:47  Probe  
  21  1:51  Adept, Assimilator  
  22  1:59  Probe  
  23  2:02  Warp Gate  
  25  2:11  Probe  
  26  2:23  Probe  
  26  2:26  Robotics Facility  
  26  2:35  Probe  
  26  2:38  Adept  
  26  2:41  Probe  
  26  2:43  Probe  
  28  2:50  Probe  
  28  2:51  Probe  
  32  2:58  Gateway  
  32  3:02  Probe  
  32  3:03  Probe  
  34  3:08  Sentry  
  36  3:13  Gateway  
  36  3:14  Probe  
  36  3:15  Immortal  
  36  3:16  Probe  
  42  3:29  Probe  
  42  3:33  Pylon  
  43  3:35  Probe  
  44  3:42  Probe  
  44  3:44  Warp Prism  
  44  3:47  Probe  
  46  3:53  Sentry  
  50  3:59  Gateway  
  50  4:04  Probe x2  
  50  4:07  Sentry  
  50  4:09  Pylon  
  54  4:13  Pylon  
  54  4:22  Pylon  
  54  4:23  Observer  
  54  4:27  Probe x2  
  57  4:34  Stalker x3  
  61  4:39  Probe x2  
  61  4:42  Assimilator  
  63  4:46  Assimilator  
  63  4:47  Twilight Council  
  63  4:51  Probe  
  64  5:01  Probe  
  64  5:03  Probe  
  64  5:04  Charge  
  66  5:13  Probe  
  65  5:14  Nexus  
  65  5:16  Pylon  
  65  5:17  Observer  
  65  5:20  Probe  
  67  5:24  Forge  
  67  5:27  Zealot x3  
  73  5:37  Protoss Ground Weapons Level 1  
  73  5:38  Gateway, Observer  
  74  5:43  Gateway  
  74  5:50  Gateway  
  74  5:52  Gateway  
  74  5:59  Templar Archives  
  74  6:01  Gateway  
  74  6:05  Probe x2  
  76  6:15  Pylon  
  76  6:18  Immortal  
  80  6:22  Zealot x2  
  84  6:33  Probe x3  
  84  6:36  Zealot  
  84  6:37  Zealot, High Templar x2  
  95  6:40  Observer  
  95  6:41  Archon  
  95  6:43  Zealot  
  95  6:44  Zealot  
  95  6:46  Pylon  
  99  6:50  Zealot  
  99  6:53  Zealot  
  103  7:02  Zealot x2  
  107  7:14  Zealot x5  
  107  7:15  Warp Prism, Zealot  
  92  7:24  Zealot x2  
  99  7:30  Probe x3  
  101  7:38  High Templar x4  
  101  7:44  Archon x2  
  107  7:48  Zealot  
  107  7:49  Zealot x3, Observer  
  107  7:50  Protoss Ground Armor Level 1  
  107  7:51  Shield Battery, Pylon  
  116  8:01  Probe  
  116  8:05  Pylon  
  117  8:06  Pylon  
  117  8:08  Probe x2  
  117  8:09  Psionic Storm  
  103  8:15  Zealot x3  
  107  8:20  Pylon  
  107  8:22  Zealot x3  
  107  8:25  Zealot  
  113  8:30  Immortal  
  107  8:34  Assimilator  
  107  8:38  Assimilator  
  111  8:42  High Templar x2  
  115  8:55  Zealot x3  
  115  8:58  Zealot x2  
  115  8:59  Zealot  
  107  9:07  Immortal  
  106  9:18  Stalker x2  
  106  9:19  Zealot x3  
  106  9:20  Observer  
  114  9:35  Stalker x3  
  120  9:40  Observer  
  120  9:43  Zealot x5  
  130  9:48  Zealot  
  130  9:54  Probe x2  
  130  9:58  Stalker  
  130  9:59  Stalker  
  136  10:03  Stalker  
  138  10:14  High Templar x2  
  115  10:17  High Templar x2  
  111  10:25  Robotics Facility  
  111  10:28  Sentry, Pylon, Zealot, High Templar  
  113  10:33  Zealot, Blink, Archon  
  115  10:36  Probe  
  115  10:38  Probe  
  111  10:56  Archon, Zealot x6  
  109  11:00  Nexus  
  109  11:02  Observer  
  109  11:03  Pylon  
  102  11:07  Protoss Ground Weapons Level 2  
  102  11:09  High Templar x2  
  102  11:10  Probe x2  
  103  11:16  Probe  
  104  11:25  Photon Cannon  
  104  11:28  Zealot  
  104  11:29  Zealot  
  108  11:38  Zealot x2  
  109  11:41  Probe  
  111  11:48  High Templar x2  
  111  11:52  Photon Cannon  
  115  11:56  Probe  
  115  12:00  Zealot x4  
  111  12:09  Zealot x2  
  98  12:26  Zealot x3  
  98  12:29  High Templar x3  
  106  12:30  Probe x3  
  106  12:32  High Templar  
  111  12:38  Probe x2  
  111  12:45  High Templar  
  111  12:48  Sentry  
  111  12:49  Sentry  
  117  12:56  Probe  
  118  13:03  Stalker x2  
  122  13:06  Pylon  
  122  13:07  Stalker x2  
  122  13:08  Zealot  
  128  13:13  Robotics Facility  
  128  13:14  Zealot  
  130  13:21  Stalker x2  
  130  13:30  Archon  
  130  13:32  Zealot x4  
  122  13:39  Zealot x2  
  104  13:43  Archon  
  104  13:44  Stalker  
  104  13:47  Zealot  
  85  14:01  Observer  
  82  14:05  High Templar x2  
  86  14:12  High Templar  
  86  14:13  Sentry, High Templar  
  86  14:14  Zealot  
  86  14:16  Zealot, Observer  
  96  14:20  Nexus  
  97  14:24  Dark Shrine, Pylon  
  97  14:28  High Templar  
  99  14:41  Stalker x2  
  99  14:43  Observer  
  102  14:52  Zealot  
  102  14:54  Zealot  
  104  15:00  Robotics Bay  
  104  15:01  Robotics Facility  
  104  15:02  Probe x3, Pylon  
  107  15:13  Zealot  
  97  15:27  Immortal  
  97  15:28  Probe x3  
  95  15:39  Dark Templar x2  
  103  15:45  Dark Templar  
  102  15:50  Disruptor  
  104  16:06  Stalker  
  95  16:16  Zealot x2  
Tags
 
Add a new tag
Caveats
  • Supply blocks, unpowered buildings, or Contaminate may cause inaccurate times.
  • Supply counts are checked every 10 seconds.